 Dungeon Crawl Stone Soup version 0.27-a0-836-gfc908b8576 (webtiles) character file.

Game seed: 6732659480849236793

336 DJNightmares the Sneak (level 6, -8/56 HPs)
             Began as a Naga Fighter on Apr 1, 2021.
             Blown up by a gnoll (13 damage)
             ... with a mindburst bolt
             ... on level 3 of the Dungeon.
             The game lasted 00:06:44 (3175 turns).

DJNightmares the Sneak (Naga Fighter)               Turns: 3175, Time: 00:06:45

Health: -8/56      AC: 11    Str: 21    XL:     6   Next: 54%
Magic:  6/6        EV:  4    Int:  8    God:
Gold:   96         SH:  9    Dex: 10    Spells: 5/5 levels left

rFire    + . .     SeeInvis +   a - +0 long sword
rCold    . . .     Faith    .   c - +0 kite shield
rNeg     . . .     Spirit   .   o - +3 chain mail {rF+}
rPois    +         Reflect  .   (no helmet)
rElec    .         Harm     .   (no cloak)
rCorr    .         Rampage  .   m - +0 pair of gloves
Will     .....                  (no barding)
Stlth    ..........             (no amulet)
HPRegen  0.18/turn              (no ring)
MPRegen  0.10/turn              (no ring)

@: mighty, very slow
A: AC +2, large, see invisible, deformed body, poison resistance, slowness 2,
spit poison 1, naga tail 1
a: Spit Poison


You were on level 3 of the Dungeon.
You visited 1 branch of the dungeon, and saw 3 of its levels.

You collected 96 gold pieces.

Inventory:

Hand Weapons
 a - a +0 long sword (weapon)
Armour
 c - a +0 kite shield (worn)
 m - a +0 pair of gloves (worn)
 o - a +3 chain mail of fire resistance (worn)
Jewellery
 k - a ring of protection from cold
Scrolls
 e - a scroll of fear {unknown}
 f - a scroll of fog {unknown}
 h - a scroll of amnesia {unknown}
 n - a scroll of identify
Potions
 g - a potion of attraction {unknown}
 i - a potion of heal wounds
 j - 2 potions of degeneration {unknown}
 l - 2 potions of curing {unknown}


   Skills:
 + Level 3.4 Fighting
 + Level 3.6 Long Blades
 + Level 3.2 Armour
 * Level 1.8 Dodging
 * Level 4.1 Stealth
 + Level 3.2 Shields


You had 5 spell levels left.
You didn't know any spells.
Your spell library was empty.

Dungeon Overview and Level Annotations

Branches:
Dungeon (3/15)

Altars:
Ashenzari
Okawaru

Annotations:
D:3 1 transporter


Innate Abilities, Weirdness & Mutations

Your serpentine skin is tough. (AC +2)
You have supernaturally acute eyesight. (SInv)
Armour fits poorly on your strangely shaped body.
Your system is resistant to poisons. (rPois)
You cover ground very slowly.
You can spit poison.
You have a snake-like lower body.


Message History

The gnoll hits you from afar with a +3 spear of venom!
The gnoll hits you but does no damage. The gnoll barely misses you.
The gnoll hits you but does no damage. You block the gnoll's attack.
You slash the gnoll!
You kill the gnoll!
You block the gnoll's attack. The gnoll barely misses you.
The gnoll hits you from afar with a +0 halberd.
The gnoll hits you but does no damage.
You hit the gnoll.
The gnoll is moderately wounded.
You have got your breath back.
You block the gnoll's attack. x2
The gnoll hits you from afar with a +0 spear of electrocution.
You are electrocuted!!
You feel very mighty all of a sudden.
The gnoll hits you but does no damage. x2
You slash the gnoll!
You kill the gnoll!
The gnoll hits you from afar with a +0 halberd!
* * * LOW HITPOINT WARNING * * *
You block the gnoll's attack.
You feel much better. You block the gnoll's attack.
You block the gnoll's attack. x2
You slash the gnoll!
The gnoll is almost dead.
The gnoll hits you from afar with a +0 spear of electrocution.
You are electrocuted!
The gnoll barely misses you. You block the gnoll's attack.
The gnoll hits you but does no damage.
You barely miss the gnoll.
The gnoll is almost dead.
The gnoll hits you from afar with a +0 spear of electrocution.
* * * LOW HITPOINT WARNING * * *
The gnoll hits you with a +0 halberd.
* * * LOW HITPOINT WARNING * * *
You barely miss the gnoll.
The gnoll is almost dead.
The gnoll hits you but does no damage.
You are electrocuted!
* * * LOW HITPOINT WARNING * * *
The gnoll zaps a wand.
Your mind is blasted!
You die...

...........................#
≈≈≈≈≈≈≈≈≈≈≈...≈≈≈≈≈≈≈≈≈≈≈..#
≈≈≈≈≈≈≈≈≈≈≈...≈≈≈≈≈≈≈≈≈≈≈..#
###...........#####≈≈..#
#.8.#.###.©.###.#.8.#≈≈..#
#...###©#####g###...#≈≈..#
≈## ......g........###≈≈..#
≈≈ .##'###g######.#8.≈≈..# ≈
##.#P.P#.@8# .$#.##.≈≈..#
..'.....©⌠# $+..#.≈≈..#
##.#P.P#..8# .$#.##.≈≈..#
.##'###'######.#8.≈≈..#
...............###≈≈..##
#...###g#####.###..g#≈≈....
#.8.#.###.©.###.#.8.#≈≈.###
##...........#####≈≈.#
≈≈≈≈≈≈≈≈≈≈≈≈≈≈≈≈≈≈≈≈≈≈≈≈.#


You could see 2 gnolls.

Vanquished Creatures
  Sigmund (D:3)
  A hound (D:2)
  Jessica (D:2)
  Terence (D:3)
  2 gnolls (D:3)
  2 adders
  A worm (D:2)
  10 endoplasms
  3 giant cockroaches
  6 goblins
  A hobgoblin (D:3)
  2 jackals (D:1)
  A kobold (D:1)
  3 ball pythons
  5 bats
  5 frilled lizards
  9 rats
54 creatures vanquished.

Vanquished Creatures (others)
  2 plants (D:3)
2 creatures vanquished.

Grand Total: 56 creatures vanquished

Notes
Turn   | Place    | Note
-------+----------+-------------------------------------------
     0 | D:1      | DJNightmares the Naga Fighter began the quest for the Orb.
     0 | D:1      | Reached XP level 1. HP: 21/21 MP: 1/1
   416 | D:1      | Reached XP level 2. HP: 26/28 MP: 2/2
   540 | D:1      | Reached skill level 1 in Stealth
   707 | D:1      | Reached XP level 3. HP: 29/34 MP: 3/3
  1819 | D:2      | Reached skill level 2 in Stealth
  2185 | D:2      | Noticed Jessica
  2191 | D:2      | Killed Jessica
  2192 | D:2      | Reached skill level 1 in Dodging
  2192 | D:2      | Reached XP level 4. HP: 37/42 MP: 4/4
  2523 | D:3      | Noticed Sigmund
  2534 | D:3      | Killed Sigmund
  2535 | D:3      | Reached skill level 3 in Stealth
  2535 | D:3      | Reached XP level 5. HP: 22/49 MP: 5/5
  2535 | D:3      | Reached XP level 6. HP: 25/56 MP: 6/6
  2717 | D:3      | Noticed Terence
  2758 | D:3      | Killed Terence
  2759 | D:3      | Reached skill level 4 in Stealth
  3098 | D:3      | Found an iron altar of Okawaru.
  3098 | D:3      | Found a broken altar of Ashenzari.
  3144 | D:3      | Found a transporter.
  3152 | D:3      | Found a transporter.
  3175 | D:3      | Blown up by a gnoll

Illustrated notes

Levels and vault maps discovered:
D:1:      matt_arrival_grand_opening, layout_loops_ring,
          chequers_serial_rivers_room_b, hangedman_decor_riveting
D:2:      layout_loops_cross, uniq_jessica
D:3:      layout_rooms, chequers_temple_overflow_statue_of_worship,
          gammafunk_ghost_gnarly_gnolls, serial_shops, shop,
          chequers_serial_rivers_room_b, grunt_ministairs_15, roderic_lattice_a,
          hex_tiny, minmay_strange_pillars, uniq_robin, uniq_terence,
          uniq_sigmund

Skill      XL: |  1  2  3  4  5  6 |
---------------+-------------------+-----
Stealth        | 1 2 3 4 |  4.1
Dodging        | 1 |  1.8
Long Blades    | 3 |  3.6
Armour         | 3 |  3.2
Shields        | 3 |  3.2
Fighting       | |  3.4

Action                   |  1- 3 |  4- 6 || total
-------------------------+-------+-------++-------
Melee: Long sword        |    98 |    67 ||   165
 Abil: Spit Poison       |     8 |     9 ||    17
  Use: Potion            |       |     3 ||     3
       Scroll            |       |     1 ||     1
Armor: Scale mail        |    46 |    17 ||    63
       Chain mail        |       |    15 ||    15
Dodge: Dodged            |    17 |    20 ||    37
Block: Kite shield       |    43 |    48 ||    91
       Rpst.: Long sword |     7 |     4 ||    11

Table legend: (Time is in decaauts)
 A = Elapsed time spent in this place.
 B = Non-inter-level travel time spent in this place.
 C = Inter-level travel time spent in this place.
 D = Time resting spent in this place.
 E = Time spent auto-exploring this place.
 F = Levels seen in this place.
 G = Mean time per level.
                   A        B        C        D        E       F      G
               +--------+--------+--------+--------+--------+-----+--------+
         Total |   3865 |   3730 |    135 |   1399 |   1526 |   3 | 1288.3 |
       Dungeon |   3865 |   3730 |    135 |   1399 |   1526 |   3 | 1288.3 |
               +--------+--------+--------+--------+--------+-----+--------+

Top non-repeatable levels by time:
     D:1: 1667 daAuts
     D:2: 1354 daAuts
     D:3: 844 daAuts
